 Dungeon Crawl Stone Soup version 0.30.0-10-gfe55d96785 (webtiles) character file.

Game seed: 15102539027595458099

95 olmar the Trooper (level 4, -2/42 HPs)
             Began as a Naga Fighter on May 15, 2023.
             Slain by an orc priest
             ... wielding a +0 falchion
              (8 damage)
             ... on level 3 of the Dungeon.
             The game lasted 00:01:52 (1503 turns).

olmar the Trooper (Naga Fighter)                    Turns: 1503, Time: 00:01:52

Health: -2/42      AC:  7    Str: 20    XL:     4   Next: 66%
Magic:  4/4        EV:  7    Int:  8    God:
Gold:   168        SH:  4    Dex: 11    Spells: 3/3 levels left

rFire   . . .        a - +0 flail
rCold   . . .        c - +0 buckler
rNeg    . . .        b - +0 scale mail
rPois   +            i - +1 helmet
rElec   .            (no cloak)
rCorr   .            (no gloves)
SInv    +            (no barding)
Will    .....        (no amulet) Stlth
                     (no ring)
HPRegen 0.27/turn    (no ring)
MPRegen 0.09/turn

%: no passive effects
@: brilliant, short of breath, very slow
A: AC +1, large, see invisible, deformed body, poison resistance, slowness 2,
spit poison 1, naga tail 1
a: Spit Poison


You were on level 3 of the Dungeon.
You visited 1 branch of the dungeon, and saw 3 of its levels.

You collected 168 gold pieces.

Inventory:

Hand Weapons
 a - a +0 flail (weapon)
Missiles
 g - 2 javelins
Armour
 b - a +0 scale mail (worn)
 c - a +0 buckler (worn)
 i - a +1 helmet (worn)
Scrolls
 f - a scroll of amnesia
 h - a scroll of noise
 j - a scroll of identify {unknown}
Potions
 d - a potion of might


   Skills:
 + Level 3.4 Fighting
 + Level 3.2 Maces & Flails
 + Level 3.0 Armour
 + Level 0.2 Dodging
 + Level 0.1 Stealth
 + Level 3.1 Shields


You had 3 spell levels left.
You didn't know any spells.
Your spell library contained the following spells:

 Spells                   Type           Power      Damage    Failure   Level
 Call Canine Familiar     Summ           0%         N/A       99%         3
 Portal Projectile        Hex/Tloc       0%         N/A       99%         3
 Leda's Liquefaction      Hex/Erth       0%         N/A       100%        4


Dungeon Overview and Level Annotations

Branches:
Dungeon (3/15)

Altars:


Innate Abilities, Weirdness & Mutations

Your serpentine skin is tough. (AC +1)
You have supernaturally acute eyesight. (SInv)
Armour fits poorly on your strangely shaped body.
Your system is resistant to poisons. (rPois)
You cover ground very slowly.
You can spit poison.
You have a snake-like lower body.


Message History

Aim: an orc priest, wielding a +0 falchion (59% to hit)
The splash of poison misses the orc priest.
The orc hits you but does no damage.
The orc priest hits you but does no damage.
Unknown command.
The orc attacks as you move away! The orc barely misses you.
You thump the orc!
You kill the orc!
The orc priest mumbles some strange prayers to Beogh against you.
Beogh smites you!
The orc priest calls down the wrath of Beogh upon you.
Beogh smites you!
You sock the orc!
You kill the orc!
The orc priest casts a cantrip, but nothing happens.
It was a potion of brilliance.
You feel clever all of a sudden.
You have got your breath back.
You aren't carrying any items that you can evoke.
You closely miss the orc priest.
The orc priest hits you with a +0 falchion.
You hit the orc priest but do no damage.
The orc priest hits you but does no damage.
Aiming: Spit Poison (1% risk of failure)
Press: ? - help, Shift-Dir - straight line, f/p - orc priest
Aim: an orc priest, wielding a +0 falchion (59% to hit)
The splash of poison misses the orc priest.
The orc priest mumbles some strange prayers to Beogh against you.
You struggle to resist.
Unknown command.
You sock the orc priest!
The orc priest is heavily wounded.
The orc priest mumbles some strange prayers to Beogh against you.
Beogh smites you!
* * * LOW HITPOINT WARNING * * *
The orc priest hits you but does no damage.
You hit the orc priest.
The orc priest is heavily wounded.
The orc priest hits you with a +0 falchion!
You die...

....># .###.# #. .#
#.# #.# ## #.# #.# #.#
#.# #.# #.# #.# #.#
#.#########.#####.#
#...........o@....#
####)#########.#######
...............#######
####.#.###............
#.#.# #........?...
#.#)# #†........?..
#.#.# #......ooo...
..#.# #............
#.#.# #............


You could see an orc priest.

Vanquished Creatures
  Robin (D:2)
  2 adders (D:2)
  3 worms (D:2)
  3 orcs (D:3)
  4 ball pythons
  An endoplasm (D:1)
  A giant cockroach (D:1)
  15 goblins
  12 hobgoblins
  A quokka (D:2)
  A frilled lizard (D:3)
  6 rats
50 creatures vanquished.

Notes
Turn   | Place    | Note
-------+----------+-------------------------------------------
     0 | D:1      | olmar the Naga Fighter began the quest for the Orb.
     0 | D:1      | Reached XP level 1. HP: 21/21 MP: 1/1
   258 | D:1      | Reached XP level 2. HP: 26/28 MP: 2/2
   907 | D:2      | Noticed Robin
   913 | D:2      | Reached XP level 3. HP: 34/34 MP: 3/3
   920 | D:2      | Killed Robin
  1117 | D:2      | Reached XP level 4. HP: 42/42 MP: 4/4
  1503 | D:3      | Slain by an orc priest

Illustrated notes

Levels and vault maps discovered:
D:1:      psy_arrival_statuary, layout_loops_ring, serial_forest,
          infiniplex_forest_end_2, infiniplex_forest_straight_4,
          infiniplex_forest_clump_large, infiniplex_forest_clump_double,
          infiniplex_forest_3_way
D:2:      layout_rooms, uniq_robin
D:3:      layout_basic

Skill      XL: |  1  2  3  4 |
---------------+-------------+-----
Shields        | 3 |  3.1
Armour         | 3 |  3.0
Maces & Flails | 3 |  3.2
Fighting       | |  3.4
Dodging        | |  0.2
Stealth        | |  0.1

Action                     |  1- 3 |  4- 6 || total
---------------------------+-------+-------++-------
  Melee: Flail             |    91 |    46 ||   137
Ability: Spit Poison       |     1 |     2 ||     3
    Use: Scroll            |     2 |       ||     2
         Potion            |     1 |     1 ||     2
 Armour: Scale mail        |    25 |    31 ||    56
  Dodge: Dodged            |    33 |    15 ||    48
  Block: Buckler           |    24 |     6 ||    30
